Map: [ESL] Ancient Cistern

Players

PiG - Winner!

  • Race: Terran Terran
  • League: Master
  • Spawn Location: 7:00

Odyssey

  • Race: Terran Terran
  • League: Gold
  • Spawn Location: 1:00

VOD

https://www.youtube.com/playlist?list=PLOrKQEirgvjBrkg_LERyoNc_WYX2C2tgI

Description

Time

  • Played on: Aug. 15, 2023, 6:14 p.m.
  • Length: 11:39
Show
View Real Time Build Order
Export as new Build Order

PiG Terran - Winner!

Build Orders:  

Get SALT Encoding   

  12  0:00  SCV  
  13  0:13  SCV  
  14  0:18  Supply Depot  
  14  0:25  SCV  
  15  0:39  SCV  
  15  0:40  Barracks  
  16  0:44  Refinery  
  16  0:52  SCV  
  17  1:04  SCV  
  18  1:16  SCV  
  19  1:29  Barracks Reactor  
  19  1:30  Orbital Command  
  19  1:45  Command Center  
  19  1:58  SCV  
  19  1:59  Supply Depot  
  20  2:08  Marine x2  
  22  2:10  SCV  
  23  2:16  Factory  
  23  2:24  SCV  
  23  2:29  Refinery  
  24  2:32  Marine x2  
  24  2:36  SCV  
  27  2:39  Bunker  
  27  2:48  SCV  
  27  2:50  Marine x2  
  30  3:00  Orbital Command  
  30  3:03  SCV  
  31  3:09  Starport, Factory Tech Lab  
  31  3:14  Marine x2  
  31  3:15  SCV  
  34  3:30  Siege Tank  
  34  3:31  Marine  
  34  3:32  Marine  
  39  3:41  SCV x2  
  41  3:48  Supply Depot  
  41  3:50  Supply Depot  
  41  3:53  SCV  
  41  3:54  Viking  
  44  3:57  Marine x2  
  46  4:10  SCV x2  
  48  4:22  SCV x2  
  50  4:34  SCV  
  50  4:38  Stimpack, Marine  
  51  4:41  Factory Reactor, SCV  
  51  4:42  Starport Reactor  
  53  4:46  SCV  
  53  4:49  Supply Depot  
  53  4:50  Supply Depot  
  54  4:53  SCV  
  54  4:56  Marine  
  54  4:57  Barracks  
  54  4:58  Barracks, SCV  
  57  5:01  Barracks  
  57  5:02  Barracks  
  57  5:09  SCV  
  57  5:10  SCV  
  59  5:14  Marine  
  59  5:15  Supply Depot  
  60  5:21  SCV  
  60  5:22  Refinery  
  60  5:23  Refinery, Engineering Bay, SCV  
  62  5:32  Marine  
  62  5:33  SCV  
  64  5:52  SCV  
  64  5:53  SCV  
  66  5:57  Marine x2  
  68  6:04  SCV, Supply Depot  
  68  6:05  SCV  
  68  6:07  Supply Depot  
  70  6:17  SCV  
  69  6:36  Starport Reactor  
  69  6:38  Factory Tech Lab  
  69  6:42  Terran Infantry Weapons Level 1  
  69  6:45  Barracks Tech Lab  
  69  6:51  Marauder  
  69  6:52  Marine x6  
  77  6:57  Siege Tank  
  77  6:59  Supply Depot  
  77  7:00  Supply Depot  
  80  7:03  Combat Shield  
  80  7:04  Concussive Shells  
  80  7:06  Marauder  
  82  7:10  Marine x6  
  82  7:13  Marauder  
  90  7:16  Medivac x2  
  90  7:22  Supply Depot  
  94  7:25  Supply Depot  
  94  7:27  Marauder  
  94  7:28  Marine x6  
  94  7:29  Siege Tank  
  105  7:34  Marauder  
  107  7:45  Supply Depot  
  107  7:46  Medivac, Marine x4  
  107  7:49  Marauder  
  107  7:50  Supply Depot  
  115  7:56  Marauder  
  117  8:08  Supply Depot  
  112  8:13  Supply Depot  
  112  8:19  Marauder x2  
  116  8:20  Marine x6  
  116  8:21  Siege Tank  
  116  8:22  Medivac x2  
  129  8:33  Supply Depot  
  128  8:36  Terran Infantry Armor Level 1  
  128  8:38  Marine x6  
  128  8:41  Marauder x2  
  138  8:42  Supply Depot  
  138  8:52  Medivac x2  
  138  8:53  Siege Tank  
  138  8:55  Marine, Supply Depot  
  145  8:56  Marine x5  
  145  9:02  Marine, Marauder  
  153  9:13  Marine x2  
  153  9:14  Marine x4  
  159  9:20  Marauder  
  159  9:22  Viking x2  
  159  9:23  Marauder  
  167  9:25  Siege Tank  
  168  9:31  Marine x5  
  164  9:41  Marauder  
  164  9:45  Marauder  
  167  9:58  Siege Tank  
  151  10:15  Marauder x2, Marine x6  
  151  10:17  Viking x2  
  165  10:30  Siege Tank  
  165  10:33  Marine x6  
  174  10:36  Marauder x2  
  178  10:51  Marine  
Show
View Real Time Build Order
Export as new Build Order

Odyssey Terran 

Build Orders:  

Get SALT Encoding   

  12  0:01  SCV  
  13  0:14  SCV  
  14  0:17  Supply Depot  
  14  0:26  SCV  
  15  0:39  SCV  
  15  0:40  Refinery  
  16  0:44  Barracks  
  16  0:51  SCV  
  17  1:05  SCV  
  18  1:18  SCV  
  19  1:32  Orbital Command  
  19  1:38  Barracks Reactor  
  19  1:43  Command Center  
  19  1:57  SCV  
  20  2:07  Supply Depot  
  20  2:10  SCV  
  21  2:19  Marine x2  
  23  2:29  SCV  
  24  2:36  Factory, Bunker  
  24  2:37  Marine  
  24  2:38  Marine  
  24  2:43  SCV  
  27  2:55  Marine x2  
  27  2:57  Refinery  
  29  2:59  SCV  
  29  3:01  Orbital Command  
  30  3:13  Marine x2  
  30  3:18  SCV  
  33  3:20  Factory Tech Lab  
  33  3:24  Supply Depot  
  33  3:30  SCV  
  33  3:31  Marine x2, SCV  
  37  3:40  Siege Tank  
  40  3:42  SCV  
  40  3:43  SCV  
  42  3:48  Marine  
  42  3:49  Marine  
  42  3:52  Starport  
  42  3:54  SCV  
  46  3:55  SCV  
  46  3:57  Supply Depot  
  46  4:06  Marine, SCV  
  46  4:07  Marine, SCV  
  50  4:24  Marine x2, Supply Depot  
  50  4:26  Barracks  
  50  4:27  SCV  
  50  4:28  Barracks  
  50  4:29  Barracks x2, SCV  
  54  4:34  Viking  
  56  4:39  SCV  
  57  4:50  Supply Depot  
  57  4:52  SCV x2  
  59  4:54  Marine x2  
  61  5:04  SCV x2  
  63  5:14  Marine x2  
  63  5:15  Supply Depot  
  63  5:16  SCV x2  
  63  5:17  Barracks Tech Lab x2  
  63  5:18  Barracks Reactor x2  
  67  5:23  Refinery  
  67  5:29  Starport Reactor  
  67  5:32  Marine x2, Supply Depot  
  69  5:36  Refinery  
  69  5:38  Engineering Bay  
  67  5:44  Stimpack, Combat Shield  
  67  5:45  Marine x2  
  69  5:52  SCV x2  
  69  5:55  Marine x3  
  74  6:03  Supply Depot  
  74  6:04  Supply Depot  
  74  6:08  Terran Infantry Weapons Level 1  
  74  6:09  SCV  
  75  6:22  Medivac x2  
  78  6:30  Supply Depot, SCV x2  
  78  6:31  Supply Depot  
  80  6:33  Marine x8  
  88  6:43  Siege Tank  
  91  6:50  Marine  
  92  7:15  SCV x2  
  94  7:19  Supply Depot  
  94  7:20  Supply Depot  
  94  7:28  Medivac x2  
  98  8:02  Terran Infantry Armor Level 1  
  98  8:11  Command Center  
  90  8:14  Medivac x2  
  90  8:16  Marine x8  
  102  8:29  Engineering Bay  
  102  8:34  Marine x6  
  103  8:41  Marine x2  
  109  8:42  Siege Tank  
  113  8:51  Marine  
  113  8:52  Marine x5  
  119  8:57  Supply Depot  
  119  8:59  Marine x2  
  120  9:09  Marine x4  
  121  9:10  Barracks, Marauder  
  121  9:12  Barracks  
  121  9:16  Barracks  
  125  9:17  Marauder  
  127  9:34  Marine x7  
  127  9:38  Marine  
  121  9:52  Marine x4  
  124  9:53  Marine x3  
  124  9:56  Marine  
  93  10:10  Marine x5, Siege Tank  
  93  10:11  Medivac x2, Marine x2  
  93  10:14  Marine  
  104  10:18  Armory  
  100  10:22  Barracks Reactor  
  100  10:23  Barracks Tech Lab, Barracks Reactor  
  100  10:27  Marine  
  100  10:28  Marine x5  
  104  10:29  Marine  
  104  10:31  Marine  
  108  10:42  Siege Tank  
  98  10:45  Marine  
  98  10:46  Marine x5  
  98  10:47  Marine  
  98  10:49  Marine  
  100  11:01  Viking x2  
Tags
 
Add a new tag
Caveats
  • Supply blocks, unpowered buildings, or Contaminate may cause inaccurate times.
  • Supply counts are checked every 10 seconds.